 Dungeon Crawl Stone Soup version 0.26-a0-784-g51bffae0b1 (webtiles) character file.

Game seed: 12934330651845453098

1752 Morbidden the Ruffian (level 9, -2/88 HPs)
             Began as an Ogre Transmuter on Nov 10, 2020.
             Was a Follower of Cheibriados.
             Slain by Prince Ribbit (8 damage)
             ... on level 6 of the Dungeon.
             The game lasted 00:12:31 (7743 turns).

Morbidden the Ruffian (Ogre Transmuter)             Turns: 7743, Time: 00:12:31

Health: -2/88      AC:  2    Str: 19    XL:     9   Next: 6%
Magic:  22/25      EV: 20    Int: 20    God:    Cheibriados [*.....]
Gold:   260        SH:  0    Dex: 17    Spells: 10/18 levels left

rFire    . . .     SeeInvis .     - Unarmed
rCold    . . .     Faith    .   (shield currently unavailable)
rNeg     . . .     Spirit   .   (armour currently unavailable)
rPois    x         Reflect  .   (helmet currently unavailable)
rElec    .         Harm     .   (cloak currently unavailable)
rCorr    .         Rampage  .   (gloves unavailable)
MR       .....                  (boots unavailable)
Stlth    ++........             (no amulet)
HPRegen  0.24/turn              i - ring of magical power
MPRegen  0.19/turn              (no ring)

@: spider-form, drained, very slow
A: tiny, unfitting armour
a: End Transformation, Bend Time, Renounce Religion


You were on level 6 of the Dungeon.
You worshipped Cheibriados.
Cheibriados was aware of your devotion.
You were a venomous arachnid creature.
You visited 2 branches of the dungeon, and saw 7 of its levels.

You collected 260 gold pieces.

Inventory:

Missiles
 p - 3 large rocks (quivered)
Armour
 h - a +1 robe of magic resistance (melded)
Jewellery
 i - a ring of magical power (left front leg)
Wands
 q - a wand of flame (7)
Scrolls
 a - 6 scrolls of identify
 b - a scroll of fear
 c - a scroll of magic mapping
 d - 5 scrolls of teleportation
 e - 2 scrolls of remove curse
 f - a scroll of enchant weapon
 g - 2 scrolls of amnesia {unknown}
 j - 2 scrolls of fog {unknown}
 k - a scroll of noise
 l - a scroll of immolation
Potions
 m - a potion of magic {unknown}
 o - a potion of flight {unknown}
 r - a potion of might {unknown}


   Skills:
 * Level 5.3(4.5) Fighting
 + Level 3.5(2.8) Dodging
 + Level 0.6(0.0) Stealth
 * Level 6.4(5.6) Unarmed Combat
 * Level 5.1(4.3) Spellcasting
 * Level 4.3(3.5) Transmutations
 * Level 1.0(0.3) Ice Magic
 * Level 2.8(2.1) Poison Magic
 * Level 2.1(1.4) Invocations


You had 10 spell levels left.
You knew the following spells:

 Your Spells              Type           Power        Failure   Level
a - Beastly Appendage     Tmut           ###...       11%         1
b - Spider Form           Tmut/Pois      ###.......   28%         3
c - Ice Form              Ice/Tmut       ##......     71%         4

Your spell library contained the following spells:

 Spells                   Type           Power        Failure   Level
 Wereblood                Tmut           ###.....     13%         2
 Blade Hands              Tmut           ###.......   82%         5


Dungeon Overview and Level Annotations

Branches:
Dungeon (6/15)             Temple (1/1) D:4

Altars:
Ashenzari
Cheibriados
Dithmenos
Elyvilon
Fedhas
Hepliaklqana
Kikubaaqudgha
Makhleb
Nemelex Xobeh
Okawaru
Qazlal
Ru
Sif Muna
Trog
Wu Jian
Xom
Yredelemnul
The Shining One

Annotations:
D:4 3 runed translucent doors, Perttuleena's ghost, amateur OpBr
D:6 Prince Ribbit


Innate Abilities, Weirdness & Mutations

You are too large for most types of armour.
((You have tough skin. (AC +1)))


Message History

The large rock barely misses Prince Ribbit.
Prince Ribbit croaks.
Unknown command.
Unknown command.
Throwing (i - inventory)
p - 4 large rocks (quivered)
Press: ? - help, Shift-Dir - straight line, f/p - Prince Ribbit
Aim: Prince Ribbit You throw a large rock.
The large rock hits Prince Ribbit!!
Prince Ribbit is severely wounded.
Unknown command.
Unknown command.
Casting: Spider Form (dangerous; 12% risk of failure)
Confirm with . or Enter, or press ? or * to list all spells.
You turn into a venomous arachnid creature.
Your +1 robe of magic resistance melds into your body.
You feel less resistant to hostile enchantments.
Prince Ribbit hits you!
* * * LOW HITPOINT WARNING * * *
Prince Ribbit hits you!
You die...

### ##.## #.s.# ## #..F## ##.##
##....## ###...###....>.# ###
##.....##......(## ##.## ### .
##................###...# #.#
..#...........†.).........####..
...................(........#...
.......#...#..)#...#...#...##...


You could see Prince Ribbit.

Vanquished Creatures
  A sky beast (D:5)
  An ice beast (D:6)
  An orc warrior (D:6)
  3 ogres
  2 centaurs (D:5)
  A bullfrog (D:6)
  A water moccasin zombie (D:5)
  2 scorpions
  4 wights (D:6)
  A howler monkey (D:5)
  An orc priest (D:4)
  3 hounds
  6 orc wizards
  3 worker ants
  2 hound skeletons (D:4)
  7 gnolls
  9 adders
  A white imp (D:5)
  3 oozes
  An adder skeleton (D:4)
  2 worms
  3 dart slugs
  4 leopard geckos
  13 orcs
  2 bats
  6 giant cockroaches
  2 goblins
  8 hobgoblins
  10 jackals
  4 quokkas
  A ball python skeleton (D:4)
  4 frilled lizards
  8 kobolds
  A quokka zombie (D:5)
  4 rats
125 creatures vanquished.

Notes
Turn   | Place    | Note
-------+----------+-------------------------------------------
     0 | D:1      | Morbidden the Ogre Transmuter began the quest for the Orb.
     0 | D:1      | Reached XP level 1. HP: 19/19 MP: 3/3
   250 | D:1      | Reached XP level 2. HP: 4/27 MP: 3/5
   858 | D:1      | Reached skill level 3 in Unarmed Combat
   858 | D:1      | Reached XP level 3. HP: 29/35 MP: 5/7
  1060 | D:1      | Learned a level 3 spell: Spider Form
  1670 | D:2      | Reached XP level 4. HP: 28/42 MP: 4/8
  2839 | D:3      | Found a bloodstained altar of Trog.
  3101 | D:3      | Found a shadowy altar of Dithmenos.
  3105 | D:3      | Reached XP level 5. HP: 50/50 MP: 10/10
  3556 | D:4      | Found a runed translucent gate.
  3573 | D:4      | Noticed Perttuleena's ghost (amateur OpBr)
  3574 | D:4      | Found a runed translucent gate.
  3574 | D:4      | Found a runed translucent gate.
  3596 | D:4      | Reached skill level 1 in Poison Magic
  3753 | D:4      | Found a staircase to the Ecumenical Temple.
  3819 | Temple   | Entered the Ecumenical Temple
  4580 | D:4      | Reached XP level 6. HP: 41/61 MP: 11/11
  5411 | D:4      | Reached skill level 4 in Unarmed Combat
  5411 | D:4      | Reached XP level 7. HP: 54/70 MP: 13/13
  5528 | D:5      | Entered Level 5 of the Dungeon
  6343 | D:5      | Found a snail-covered altar of Cheibriados.
  6352 | D:5      | Became a worshipper of Cheibriados the Contemplative
  6393 | D:5      | Reached skill level 5 in Unarmed Combat
  6393 | D:5      | Reached XP level 8. HP: 76/79 MP: 14/14
  6712 | D:6      | Noticed Prince Ribbit
  6753 | D:5      | Reached skill level 1 in Invocations
  7264 | D:5      | Reached * piety under Cheibriados
  7451 | D:6      | Reached skill level 5 in Fighting
  7481 | D:6      | Learned a level 4 spell: Ice Form
  7510 | D:6      | Reached skill level 5 in Spellcasting
  7535 | D:6      | Reached skill level 6 in Unarmed Combat
  7580 | D:6      | HP: 2/80 [orc warrior/+0 war axe (20)]
  7585 | D:6      | Reached XP level 9. HP: 9/88 MP: 16/16
  7668 | D:6      | HP: 4/88 [bullfrog (9)]
  7670 | D:6      | Reached skill level 1 in Ice Magic
  7743 | D:6      | Slain by Prince Ribbit

Illustrated notes

Levels and vault maps discovered:
D:1:      scummos_arrival_simple_fountains, layout_basic
D:2:      layout_basic, kennysheep_generic_room_15
D:3:      layout_loops_ring, lightli_temple_of_fire,
          nicolae_dithmenos_shadow_blocks
D:4:      layout_gridville, minmay_temple_entry_mist, ebering_ghost_rock_garden,
          hangedman_minor_gate_pass
D:5:      layout_loops_cross, kennysheep_slug_shrine
D:6:      cheibrodos_fzero, layout_cave_pools, eat_drink_and_be_merry_uskayaw,
          lemuel_crystal_altar, ebering_ghost_rock_garden, uniq_prince_ribbit1
Temple:   compressed_dpeg_circular_temple

Skill      XL: |  1  2  3  4  5  6  7  8  9 |
---------------+----------------------------+-----
Transmutations | 2 3 4 |  4.3
Unarmed Combat | 3 4 5 6 |  6.4
Spellcasting   | 3 4 5 |  5.1
Fighting       | 2 3 4 5 |  5.3
Dodging        | 2 3 |  3.5
Poison Magic   | 1 2 |  2.8
Invocations    | 2 |  2.1
Ice Magic      | 1 |  1.0
Stealth        | |  0.6

Action                   |  1- 3 |  4- 6 |  7- 9 || total
-------------------------+-------+-------+-------++-------
Melee: Unarmed           |    98 |   192 |   170 ||   460
       Kick              |    14 |    15 |       ||    29
       Headbutt          |     9 |    16 |       ||    25
       Punch             |       |     1 |       ||     1
Throw: Large rock        |       |       |     2 ||     2
 Cast: Beastly Appendage |    19 |    31 |     4 ||    54
       Spider Form       |     1 |     9 |    26 ||    36
  Use: Scroll            |       |     1 |     7 ||     8
       Potion            |       |       |     2 ||     2
 Stab: Sleeping          |       |     1 |       ||     1
Armor: Robe              |    29 |    38 |    10 ||    77
       Skin              |       |     4 |    14 ||    18
Dodge: Dodged            |    70 |   156 |   176 ||   402

Table legend: (Time is in decaauts)
 A = Elapsed time spent in this place.
 B = Non-inter-level travel time spent in this place.
 C = Inter-level travel time spent in this place.
 D = Time resting spent in this place.
 E = Time spent auto-exploring this place.
 F = Levels seen in this place.
 G = Mean time per level.
                   A        B        C        D        E       F      G
               +--------+--------+--------+--------+--------+-----+--------+
         Total |   7806 |   7669 |    137 |   1212 |   5330 |   7 | 1115.1 |
       Dungeon |   7698 |   7578 |    120 |   1212 |   5251 |   6 | 1283.0 |
        Temple |    107 |     90 |     17 |      0 |     79 |   1 |  107.0 |
               +--------+--------+--------+--------+--------+-----+--------+

Top non-repeatable levels by time:
     D:5: 1916 daAuts
     D:4: 1869 daAuts
     D:1: 1358 daAuts
     D:3: 1105 daAuts
     D:2: 1073 daAuts
     D:6: 375 daAuts
  Temple: 107 daAuts
